 Dungeon Crawl Stone Soup version 0.31-a0-1159-g800acc2fd1 (webtiles) character file.

Game seed: 1234456263832021612

181 Descartes the Digger (level 5, -20/35 HPs)
             Began as a Formicid Earth Elementalist on Dec 8, 2023.
             Was an Initiate of Gozag.
             Killed from afar by an oklob sapling (32 damage)
             ... with a splash of acid
             ... on level 4 of the Dungeon.
             The game lasted 00:07:18 (4732 turns).

Descartes the Digger (Formicid Earth Elementalist)  Turns: 4732, Time: 00:07:18

Health: -20/35     AC:  1    Str: 14    XL:     5   Next: 92%
Magic:  8/8        EV: 11    Int: 15    God:    Gozag
Gold:   105        SH:  0    Dex: 14    Spells: 4/8 levels left

rFire   . . .        s - +2 mace (drain)
rCold   . . .        (no shield)
rNeg    . . .        a - +0 ring mail
rPois   .            (helmet unavailable)
rElec   .            (no cloak)
rCorr   .            (no gloves)
SInv    +            (no boots)
Will    .....        (no amulet)
Stlth   +            (no ring)
HPRegen 0.25/turn    (no ring)
MPRegen 0.11/turn

%: no passive effects
@: corroded
A: permanent stasis, dig shafts and tunnels, antennae 3, four strong arms
a: Dig, Shaft Self, Renounce Religion, Potion Petition, Call Merchant, Bribe
Branch


You were on level 4 of the Dungeon.
You worshipped Gozag.
Gozag was aware of your devotion.
You visited 2 branches of the dungeon, and saw 5 of its levels.

You collected 157 gold pieces.
You paid 52 gold pieces to Gozag.

Inventory:

Hand Weapons
 q - a +1 sling of flaming
 r - a +3 spear
 s - a +2 mace of draining (weapon)
Missiles
 i - 3 poisoned darts
 k - 4 boomerangs
Armour
 a - a +0 ring mail (worn)
 b - a +0 leather armour
 l - a +0 chain mail
Wands
 p - a wand of iceblast (8)
Scrolls
 c - 2 scrolls of identify {unknown}
 e - 2 scrolls of noise {unknown}
 g - a scroll of fog {unknown}
 h - a scroll of amnesia {unknown}
 t - 2 scrolls of poison {unknown}
Potions
 d - a potion of resistance {unknown}
 f - a potion of heal wounds
 j - 2 potions of enlightenment {unknown}
 m - a potion of ambrosia {unknown}
 n - 2 potions of degeneration {unknown}
 o - a potion of invisibility {unknown}


   Skills:
 - Level 1.7 Dodging
 - Level 2.4 Stealth
 - Level 2.1 Spellcasting
 - Level 1.1 Transmutations
 + Level 7.4 Earth Magic


You had 4 spell levels left.
You knew the following spells:

 Your Spells              Type           Power      Damage    Failure   Level
a - Sandblast             Erth           46%        2d11      2%          1
b - Stone Arrow           Conj/Erth      24%        3d8       30%         3

Your spell library contained the following spells:

 Spells                   Type           Power      Damage    Failure   Level
 Passwall                 Tmut/Erth      11%        N/A       12%         2
 Petrify                  Tmut/Erth      14%        N/A       61%         4
 Brom's Barrelling Bould  Conj/Erth      12%        2d4       69%         4
 Ozocubu's Armour         Ice            1%         N/A       80%         3
 Ozocubu's Refrigeration  Ice            0%         4d7       100%        7


Dungeon Overview and Level Annotations

Branches:
Dungeon (4/15)             Temple (1/1) D:4

Altars:
Cheibriados
Elyvilon
Gozag
Hepliaklqana
Kikubaaqudgha
Nemelex Xobeh
Okawaru
Sif Muna
Trog
Wu Jian
Xom
Yredelemnul
The Shining One

Annotations:
D:4 exclusion: oklob sapling


Innate Abilities, Weirdness & Mutations

You cannot be hasted, slowed, berserked, paralysed or teleported.
You can dig through walls and to a lower floor.
You have a pair of large antennae on your head. (SInv)
Your four strong arms can wield two-handed weapons with a shield.


Message History

The acid corrodes you!
You climb downwards.
Welcome back to the Ecumenical Temple!
There is a staircase back to the Dungeon here.
You are no longer corroded.
HP restored.
Done exploring.
Okay, then.
Okay, then.
This staircase leads to a travel-excluded area!
You climb upwards.
Welcome back to the Dungeon!
Level annotation: exclusion: oklob sapling
There is a staircase to the Ecumenical Temple here.
You hit the oklob sapling. You drain the oklob sapling.
The oklob sapling is lightly damaged.
The oklob sapling spits acid at you. The splash of acid hits you!!
Ouch! That really hurt!
You hit the oklob sapling. You drain the oklob sapling.
The oklob sapling is moderately damaged.
The oklob sapling spits acid at you. The splash of acid hits you!
* * * LOW HITPOINT WARNING * * *
The acid corrodes you!
You climb downwards.
Welcome back to the Ecumenical Temple!
There is a staircase back to the Dungeon here.
You are no longer corroded.
HP restored.
Done exploring.
This staircase leads to a travel-excluded area!
You climb upwards.
Welcome back to the Dungeon!
Level annotation: exclusion: oklob sapling The oklob sapling spits acid at you.
The splash of acid hits you!!
Ouch! That really hurt!
The acid corrodes you! The oklob sapling spits acid at you.
The splash of acid hits you!!
Ouch! That really hurt!
You die...
Your body crumbles into a pile of gold.

#.... ... #.... #/.##
##... ####...# ##...
####......## #....
#..PP..P...# #....
#.P.PPP..... #....
##PPPP.PP#.# #....
#.PPP@...#.## #....
#...PP.P.....# ##...
#..P.PPP.P##.#
#.####..
#.#..P....##.#
#......# #
##########.########..
.............# #.#
.............###....#
.............#...####
...............# #


You could see an oklob sapling.

Vanquished Creatures
  A black bear (D:4)
  3 gnolls (D:3)
  An adder (D:3)
  A dart slug (D:1)
  7 orcs
  2 ball pythons (D:2)
  4 endoplasms
  2 giant cockroaches
  4 goblins
  3 hobgoblins
  A jackal (D:2)
  A quokka (D:3)
  7 bats
  2 frilled lizards
  3 kobolds
  3 rats
  2 rat zombies (D:3)
47 creatures vanquished.

Notes
Turn   | Place    | Note
-------+----------+-------------------------------------------
     0 | D:1      | Descartes the Formicid Earth Elementalist began the quest
                  | for the Orb.
     0 | D:1      | Reached XP level 1. HP: 13/13 MP: 3/3
   138 | D:1      | Reached skill level 4 in Earth Magic
   203 | D:1      | Reached XP level 2. HP: 19/19 MP: 3/5
  1198 | D:2      | Reached XP level 3. HP: 24/24 MP: 4/6
  1542 | D:2      | Reached skill level 5 in Earth Magic
  1811 | D:3      | Found a bloodstained altar of Trog.
  2356 | D:3      | Reached XP level 4. HP: 25/30 MP: 2/7
  2674 | D:3      | Found an ancient bone altar of Kikubaaqudgha.
  2831 | D:3      | Reached skill level 6 in Earth Magic
  3192 | D:3      | Found an ancient bone altar of Kikubaaqudgha.
  3268 | D:3      | Found a bloodstained altar of Trog.
  3577 | D:3      | Learned a level 3 spell: Stone Arrow
  3692 | D:4      | Noticed a black bear
  3701 | D:4      | Killed a black bear
  3702 | D:4      | Reached skill level 7 in Earth Magic
  3702 | D:4      | Reached XP level 5. HP: 32/35 MP: 3/8
  3874 | D:4      | Found a staircase to the Ecumenical Temple.
  3888 | Temple   | Entered the Ecumenical Temple
  3974 | Temple   | Became a worshipper of Gozag Ym Sagoz the Greedy
  4159 | D:4      | HP: 1/35 [oklob sapling/splash of acid (34)]
  4732 | D:4      | Killed from afar by an oklob sapling

Illustrated notes

Levels and vault maps discovered:
D:1:      nzn_arrival_depleted_hourglass, layout_basic
D:2:      minmay_angry_zag, layout_loops_corners
D:3:      layout_basic, lemuel_zombie_altar_kikubaaqudgha,
          trog_three_pillars_becter
D:4:      layout_rooms, makhleb_blood_cavern_becter,
          mainiacjoe_overflow_small_starburst, minmay_temple_entry_oklob,
          hex_tiny
Temple:   nicolae_temple_ecumenical_triangle

Skill      XL: |  1  2  3  4 |
---------------+-------------+-----
Earth Magic    | 4 5 7 |  7.4
Dodging        | |  1.7
Stealth        | |  2.4
Spellcasting   | |  2.1
Transmutations | |  1.1

Action                     |  1- 3 |  4- 6 || total
---------------------------+-------+-------++-------
  Melee: Dagger            |     8 |       ||     8
         Mace              |       |     6 ||     6
   Fire: Sling             |       |    16 ||    16
   Cast: Sandblast         |    46 |    25 ||    71
    Use: Potion            |     2 |       ||     2
 Armour: Robe              |    12 |       ||    12
         Ring mail         |     3 |    19 ||    22
  Dodge: Dodged            |    17 |     8 ||    25

Table legend: (Time is in decaauts)
 A = Elapsed time spent in this place.
 B = Non-inter-level travel time spent in this place.
 C = Inter-level travel time spent in this place.
 D = Time resting spent in this place.
 E = Time spent auto-exploring this place.
 F = Levels seen in this place.
 G = Mean time per level.
                   A        B        C        D        E       F      G
               +--------+--------+--------+--------+--------+-----+--------+
         Total |   4784 |   4694 |     90 |      0 |   4184 |   5 |  956.8 |
       Dungeon |   3962 |   3872 |     90 |      0 |   3393 |   4 |  990.5 |
        Temple |    822 |    822 |      0 |      0 |    791 |   1 |  822.0 |
               +--------+--------+--------+--------+--------+-----+--------+

Top non-repeatable levels by time:
     D:3: 1832 daAuts
     D:2: 958 daAuts
     D:1: 848 daAuts
  Temple: 822 daAuts
     D:4: 323 daAuts
